 Dungeon Crawl Stone Soup version 0.28-a0-1524-ge72afd5fc6 (webtiles) character file.

Game seed: 4851897423392674125

91 knot the Chopper (level 4, 52/52 HPs)
             Began as a Demonspawn Berserker on Jan 18, 2022.
             Was a Follower of Trog.
             Quit the game on level 2 of the Dungeon.
             The game lasted 00:02:00 (2075 turns).

knot the Chopper (Demonspawn Berserker)             Turns: 2075, Time: 00:02:00

Health: 52/52      AC:  5    Str: 17    XL:     4   Next: 34%
Magic:  4/4        EV: 11    Int: 10    God:    Trog [*.....]
Gold:   78         SH:  4    Dex: 13    Spells: 3/3 levels left

rFire   . . .      SeeInvis .   a - +0 hand axe
rCold   . . .      Faith    .   (no shield)
rNeg    . . .      Spirit   .   g - +0 ring mail
rPois   .          Reflect  .   (no helmet)
rElec   .          Harm     .   (no cloak)
rCorr   .          Rampage  .   (no gloves)
Will    .....                   (no boots)
Stlth   ..........              (no amulet)
HPRegen 0.17/turn               (no ring)
MPRegen 0.09/turn               (no ring)

@: berserking, very quick
A: large bone plates 1, powered by death 1
a: Renounce Religion, Berserk


You were on level 2 of the Dungeon.
You worshipped Trog.
Trog was aware of your devotion.
You visited 1 branch of the dungeon, and saw 2 of its levels.

You collected 78 gold pieces.

Inventory:

Hand Weapons
 a - a +0 hand axe (weapon)
Missiles
 c - 38 stones (quivered)
Armour
 g - a +0 ring mail (worn)
Scrolls
 b - a scroll of identify {unknown}
 e - 2 scrolls of magic mapping {unknown}
 f - a scroll of amnesia {unknown}
 h - a scroll of summoning {unknown}
 i - a scroll of blinking {unknown}
 j - a scroll of teleportation {unknown}
 l - a scroll of enchant weapon {unknown}
Potions
 d - 2 potions of lignification {unknown}
 k - a potion of heal wounds {unknown}


   Skills:
 - Level 3.0 Fighting
 + Level 4.7 Axes
 - Level 1.7 Armour
 - Level 1.7 Dodging


You had 3 spell levels left.
You didn't know any spells.
Your spell library was empty.

Dungeon Overview and Level Annotations

Branches:
Dungeon (2/15)

Altars:

Annotations:
D:2 Natasha


Innate Abilities, Weirdness & Mutations

You are partially covered in large bone plates. (SH +4)
You regenerate a little health from kills.


Message History

Press: ? - help, Q - select action Shift-Dir - straight line, f/p - Natasha
Aim: Natasha (50% to hit)
You throw a stone. The stone closely misses Natasha.
Throw: 41 stones
Press: ? - help, Q - select action Shift-Dir - straight line, f/p - Natasha
Aim: Natasha (50% to hit)
You throw a stone. The stone hits Natasha.
Natasha is lightly wounded.
Throw: 40 stones
Press: ? - help, Q - select action Shift-Dir - straight line, f - you
Okay, then.
Throw: 40 stones
Press: ? - help, Q - select action Shift-Dir - straight line, f/p - Natasha
Aim: Natasha (lightly wounded, 50% to hit)
You throw a stone. The stone hits Natasha.
Natasha is lightly wounded.
Natasha casts a spell at you. You resist with significant effort.
Throw: 39 stones
Press: ? - help, Q - select action Shift-Dir - straight line, f/p - Natasha
Aim: Natasha (lightly wounded, 50% to hit)
You throw a stone.
The stone hits Natasha but does no damage.
Natasha is lightly wounded.
Throw: 38 stones
Press: ? - help, Q - select action Shift-Dir - straight line, f/p - Natasha
Aim: Natasha (lightly wounded, 50% to hit)
Okay, then.
A red film seems to cover your vision as you go berserk!
You feel yourself moving faster!
You feel mighty! Natasha barely misses you.
You slash Natasha!
You kill Natasha!
Trog accepts your kill.
Trog appreciates your killing of a magic user.
You hear a faint echoing roar filled with hate and sorrow!
Natasha, Servant of Life and Death comes into view.
You have reached level 4!
You feel agile.
Your demonic ancestry asserts itself...
Large bone plates grow over parts of your arms.
Are you sure you want to abandon this character and quit the game? (Confirm with "yes".)

#.# #.# #.# ####### #.# ####
####.# #......# #.##..... ##....#
##......###.##..... #.....##
..........#........ #.......
###......#.#(.....# #.......
#....h...#........####.......
.........(†@.((...........##
........(................... ..
...#...##................## ...
####....(...##............. ...
#............#.............
...####.....(......#.............
#............#............##.....
#........!.(.#....(.##....##.....
#............#......##....##.....


You could see Natasha.

Vanquished Creatures
  Natasha (twice) (D:2)
  An adder (D:2)
  3 worms (D:2)
  A dart slug (D:2)
  3 bats
  2 endoplasms
  5 goblins
  3 hobgoblins (D:1)
  A quokka (D:2)
  2 ball pythons (D:1)
  A frilled lizard (D:1)
  2 rats
26 creatures vanquished.

Vanquished Creatures (others)
  2 plants (D:1)
2 creatures vanquished.

Grand Total: 28 creatures vanquished

Notes
Turn   | Place    | Note
-------+----------+-------------------------------------------
     0 | D:1      | knot the Demonspawn Berserker began the quest for the Orb.
     0 | D:1      | Reached XP level 1. HP: 18/18 MP: 1/1
   128 | D:1      | Reached skill level 3 in Axes
   232 | D:1      | Gained mutation: You regenerate a little health from kills.
                  | [demonic ancestry]
   232 | D:1      | Reached XP level 2. HP: 21/24 MP: 0/2
   306 | D:1      | Found a faded altar of an unknown god.
  1400 | D:2      | Noticed Natasha
  1407 | D:2      | Killed Natasha
  1408 | D:2      | Reached skill level 4 in Axes
  1408 | D:2      | Reached XP level 3. HP: 29/29 MP: 3/3
  2066 | D:2      | Noticed Natasha
  2074 | D:2      | Killed Natasha
  2074 | D:2      | Noticed Natasha
  2075 | D:2      | Gained mutation: You are partially covered in large bone
                  | plates. (SH +4) [demonic ancestry]
  2075 | D:2      | Reached XP level 4. HP: 35/35 MP: 4/4
  2075 | D:2      | Quit the game

Illustrated notes

Levels and vault maps discovered:
D:1:      dpeg_arrival_rooms_b, layout_basic, basic_ecumenical_altar,
          serial_bayou, serial_bayou_lagoon_a, serial_bayou_pond_a,
          serial_bayou_lagoon_b, serial_bayou_lake_a, serial_bayou_pond_e,
          minmay_misc_feat_roman, dk_noncrumbling_2
D:2:      layout_basic, serial_shops, nicolae_shop_hallway_stairs, uniq_natasha

Skill      XL: |  1  2 |
---------------+-------+-----
Axes           | 3 4 |  4.7
Fighting       | |  3.0
Armour         | |  1.7
Dodging        | |  1.7

Action                   |  1- 3 |  4- 6 || total
-------------------------+-------+-------++-------
Melee: Hand axe          |    72 |       ||    72
Throw: Stone             |    22 |       ||    22
Invok: Berserk           |     6 |       ||     6
 Stab: Sleeping          |     1 |       ||     1
Armor: Animal skin       |     3 |       ||     3
       Ring mail         |    24 |       ||    24
Dodge: Dodged            |    55 |       ||    55

Table legend: (Time is in decaauts)
 A = Elapsed time spent in this place.
 B = Non-inter-level travel time spent in this place.
 C = Inter-level travel time spent in this place.
 D = Time resting spent in this place.
 E = Time spent auto-exploring this place.
 F = Levels seen in this place.
 G = Mean time per level.
                   A        B        C        D        E       F      G
               +--------+--------+--------+--------+--------+-----+--------+
         Total |   2156 |   2097 |     59 |    910 |    908 |   2 | 1078.0 |
       Dungeon |   2156 |   2097 |     59 |    910 |    908 |   2 | 1078.0 |
               +--------+--------+--------+--------+--------+-----+--------+

Top non-repeatable levels by time:
     D:1: 1368 daAuts
     D:2: 787 daAuts
